[Event "Lviv Tradition June 2018"]
[Site "Lviv"]
[Date "2018.06.11"]
[Round "1"]
[White "Can, Isik"]
[Black "Shkuran, Danylo"]
[Result "1/2-1/2"]
[ECO "B41"]
[WhiteElo "2396"]
[BlackElo "2368"]
[Annotator "ChessBase"]
[PlyCount "69"]
[EventDate "2018.??.??"]
[EventType "schev"]
[EventCountry "UKR"]
[SourceTitle "playchess.com"]
[Source "ChessBase"]
[SourceQuality "1"]
[TimeControl "5400+30"]

1. e4 c5 2. Nf3 e6 3. d4 cxd4 4. Nxd4 a6 5. c4 Nf6 6. Nc3 Bb4 7. Qd3 d5 8. exd5 exd5 9. Be2 O-O 10. O-O dxc4 11. Qxc4 Bxc3 12. Qxc3 Ne4 13. Qd3 Re8 14. Bf3 Bf5 15. Qd1 Bg6 16. Be3 Nd7 17. Qb3 Ndc5 18. Qa3 Ne6 19. Rfd1 Qf6 20. Nxe6 Qxe6 21. Rac1 Rac8 22. Qa5 h6 23. h3 Kh7 24. b3 Rxc1 25. Rxc1 Rc8 26. Rxc8 Qxc8 27. h4 Nf6 28. Qb4 Qc2 29. Qxb7 Qxa2 30. Kh2 h5 31. Bd4 Qd2 32. Be3 Qd6+ 33. Kg1 Ng4 34. Bxg4 hxg4 35. Qb6 1/2-1/2

[Event "Lviv Tradition June 2018"]
[Site "Lviv"]
[Date "2018.06.11"]
[Round "1"]
[White "Ozenir, Ekin Baris"]
[Black "Frolov, Artur"]
[Result "1/2-1/2"]
[ECO "A45"]
[WhiteElo "2320"]
[BlackElo "2406"]
[Annotator "ChessBase"]
[PlyCount "49"]
[EventDate "2018.??.??"]
[EventType "schev"]
[EventCountry "UKR"]
[SourceTitle "playchess.com"]
[Source "ChessBase"]
[SourceQuality "1"]
[TimeControl "5400+30"]

1. d4 Nf6 2. Bg5 Ne4 3. Bf4 c5 4. f3 Qa5+ 5. c3 Nf6 6. d5 d6 7. e4 Nbd7 8. Na3 g6 9. Nc4 Qc7 10. a4 Bg7 11. Qd2 O-O 12. Ne2 Ne5 13. Ng3 Bd7 14. Bg5 Nxc4 15. Bxc4 a6 16. h4 b5 17. Be2 h5 18. O-O bxa4 19. f4 Nh7 20. f5 Nxg5 21. Qxg5 Bf6 22. Qh6 Bg7 23. Qg5 Bf6 24. Qh6 Bg7 25. Qg5 1/2-1/2

[Event "Lviv Tradition June 2018"]
[Site "Lviv"]
[Date "2018.06.11"]
[Round "1"]
[White "Tanriverdi, Enes"]
[Black "Anwesh, Upadhyaya"]
[Result "1/2-1/2"]
[ECO "D45"]
[WhiteElo "2281"]
[BlackElo "2375"]
[Annotator "NA"]
[PlyCount "64"]
[EventDate "2018.??.??"]
[EventType "schev"]
[EventCountry "UKR"]
[SourceTitle "playchess.com"]
[Source "ChessBase"]
[SourceQuality "1"]
[TimeControl "5400+30"]

1. d4 Nf6 2. c4 e6 3. Nf3 d5 4. Nc3 c6 5. e3 Nbd7 6. Qc2 Bd6 7. Be2 O-O 8. O-O dxc4 9. Bxc4 a6 10. e4 e5 11. Rd1 {[%emt 0:00:51] D46: Semi-Slav: 5 e3 Nbd7 6 Bd3, Black avoids the Meran} Qe7 12. h3 b5 13. Bb3 $146 ({Predecessor:} 13. Bf1 Re8 14. Be3 Bb7 15. a3 exd4 16. Nxd4 Be5 17. Nf5 Qe6 18. f3 c5 19. Qf2 {1-0 (45) Schmidt,W (2370)-Mastrovasilis,D (2610) Poland 2013}) 13... Bb7 14. Bg5 Rfe8 15. dxe5 Nxe5 16. Nd4 Bc5 17. Nf5 Qf8 18. Kh1 Bc8 19. f4 Bxf5 20. exf5 Ned7 21. Ne4 Rxe4 {[%emt 0:10:32] [#]} 22. Rxd7 $1 Rc4 23. Bxc4 Nxd7 24. Rd1 bxc4 25. Rxd7 Qe8 26. Rd1 Qe3 ({Black should play} 26... Rb8 $14) 27. Qxc4 h6 28. Bh4 Ba7 $16 29. Qc1 Rb8 30. Qxe3 Bxe3 31. Rd8+ Rxd8 32. Bxd8 Bxf4 1/2-1/2

[Event "Lviv Tradition June 2018"]
[Site "Lviv"]
[Date "2018.06.12"]
[Round "3"]
[White "Can, Isik"]
[Black "Sabuk, Piotr"]
[Result "1/2-1/2"]
[ECO "B94"]
[WhiteElo "2396"]
[BlackElo "2369"]
[Annotator "NA"]
[PlyCount "42"]
[EventDate "2018.??.??"]
[EventType "schev"]
[EventCountry "UKR"]
[SourceTitle "playchess.com"]
[Source "ChessBase"]
[SourceQuality "1"]
[TimeControl "5400+30"]

1. e4 c5 2. Nf3 d6 3. d4 cxd4 4. Nxd4 Nf6 5. Nc3 a6 6. Bg5 Nbd7 7. f4 Qc7 8. Qf3 h6 9. Bxf6 Nxf6 10. f5 Qc5 11. O-O-O g5 12. fxg6 Bg4 13. gxf7+ Kxf7 14. Qd3 Bxd1 15. Nxd1 Bg7 16. Be2 e6 17. Ne3 Rhe8 18. Nb3 Qc7 19. Nd4 Qc5 20. Nb3 Qc7 21. Nd4 Qc5 1/2-1/2

[Event "Lviv Tradition June 2018"]
[Site "Lviv"]
[Date "2018.06.12"]
[Round "3"]
[White "Tanriverdi, Enes"]
[Black "Shkuran, Danylo"]
[Result "1/2-1/2"]
[ECO "D11"]
[WhiteElo "2281"]
[BlackElo "2368"]
[Annotator "NA"]
[PlyCount "62"]
[EventDate "2018.??.??"]
[EventType "schev"]
[EventCountry "UKR"]
[SourceTitle "playchess.com"]
[Source "ChessBase"]
[SourceQuality "1"]
[TimeControl "5400+30"]

1. d4 d5 2. c4 c6 3. Nf3 Nf6 4. e3 e6 5. Bd3 Be7 6. O-O O-O 7. Nbd2 Nbd7 8. b3 b6 9. Bb2 Bb7 10. Ne5 {[%emt 0:01:27] D30: Queen's Gambit Declined: Systems without Nc3} (10. Qe2 Rc8 11. Ne5 c5 12. f4 Ne4 13. Bxe4 dxe4 14. Rad1 cxd4 15. Nxe4 Nxe5 16. fxe5 Bxe4 17. Rxd4 Bd5 18. cxd5 Bc5 19. Rd3 exd5 20. Qf3 {1-0 (38) Eljanov,P (2760)-Van Wely,L (2640) Wijk aan Zee 2016}) 10... dxc4 11. Ndxc4 c5 12. Nxd7 Qxd7 13. Qe2 Qd5 $146 ({Predecessor:} 13... cxd4 14. Bxd4 Qd5 15. f3 Qh5 16. Rad1 Rfd8 17. Bb1 Ba6 {1-0 (46) Heidel,A (2163)-Redzepovic,I (2139) Bayern 2014}) 14. f3 Qg5 15. Rad1 Rfd8 16. Ne5 Bd6 17. f4 Qh5 18. Qxh5 Nxh5 19. f5 Bxe5 20. dxe5 exf5 21. Bxf5 g6 22. Bd7 Ba6 23. Rf2 Ng7 24. Rfd2 Kf8 25. e6 Nxe6 26. Bf6 Rdb8 {[%emt 0:01:04] [#]} 27. Be5 $1 Rd8 {[%emt 0:00:14] [#]} 28. Bd6+ (28. Rd5 $1 $16) 28... Kg8 29. Be7 Rdb8 30. Bd6 Rd8 31. Be7 Rdb8 $11 1/2-1/2

[Event "Lviv Tradition June 2018"]
[Site "Lviv"]
[Date "2018.06.12"]
[Round "3"]
[White "Akdogan, Alperen"]
[Black "Frolov, Artur"]
[Result "1-0"]
[ECO "A48"]
[WhiteElo "2260"]
[BlackElo "2406"]
[Annotator "ChessBase"]
[PlyCount "69"]
[EventDate "2018.??.??"]
[EventType "schev"]
[EventCountry "UKR"]
[SourceTitle "playchess.com"]
[Source "ChessBase"]
[SourceQuality "1"]
[TimeControl "5400+30"]

1. d4 Nf6 2. Nf3 g6 3. c4 Bg7 4. Nc3 O-O 5. e4 d6 6. h3 e5 7. d5 c5 8. Be2 Na6 9. Be3 Nh5 10. g3 f5 11. exf5 gxf5 12. Nd2 f4 13. Bxh5 fxe3 14. fxe3 Qg5 15. Nde4 Qxe3+ 16. Qe2 Qh6 17. a3 Bf5 18. Bg4 Bxe4 19. Nxe4 Nc7 20. h4 a6 21. Bf3 b5 22. b3 bxc4 23. bxc4 Rab8 24. O-O Rb3 25. Bg2 Ne8 26. Rxf8+ Bxf8 27. Qg4+ Qg6 28. Qc8 Rb2 29. Rf1 Rxg2+ 30. Kxg2 Qxe4+ 31. Kh3 Qg6 32. Rf5 Bh6 33. h5 Qxf5+ 34. Qxf5 Bd2 35. Qd7 1-0

[Event "Lviv Tradition June 2018"]
[Site "Lviv"]
[Date "2018.06.13"]
[Round "4"]
[White "Frolov, Artur"]
[Black "Tanriverdi, Enes"]
[Result "0-1"]
[ECO "B40"]
[WhiteElo "2406"]
[BlackElo "2281"]
[Annotator "NA"]
[PlyCount "80"]
[EventDate "2018.??.??"]
[EventType "schev"]
[EventCountry "UKR"]
[SourceTitle "playchess.com"]
[Source "ChessBase"]
[SourceQuality "1"]
[TimeControl "5400+30"]

1. e4 c5 2. Nf3 e6 3. c4 Nc6 4. Nc3 Nf6 5. d3 d6 6. g3 Be7 7. Bg2 O-O 8. O-O a6 9. d4 cxd4 {[%emt 0:01:25] LiveBook: 8 Games} 10. Nxd4 $14 Bd7 11. b3 Nxd4 12. Qxd4 Bc6 13. Bb2 b5 14. Rfd1 b4 15. Ne2 e5 16. Qd3 Nd7 17. Qe3 Qc7 18. g4 Nc5 19. Ng3 Ne6 20. Nf5 a5 21. Qd3 Rfd8 22. Bc1 a4 23. Bd2 Rab8 24. h4 g6 25. Nxe7+ Qxe7 26. Qg3 Nd4 27. Kf1 Ra8 28. g5 axb3 29. axb3 Ra3 30. Rxa3 bxa3 31. Ba5 Rc8 32. Bb6 Qb7 33. Bxd4 exd4 34. Ra1 Qb4 35. Qd3 Rb8 36. Bf3 Qc3 37. Qxc3 dxc3 38. Ke2 Rxb3 39. Bh1 c2 40. Rc1 a2 0-1

[Event "Lviv Tradition June 2018"]
[Site "Lviv"]
[Date "2018.06.13"]
[Round "4"]
[White "Sabuk, Piotr"]
[Black "Akdogan, Alperen"]
[Result "1-0"]
[ECO "A04"]
[WhiteElo "2369"]
[BlackElo "2260"]
[Annotator "NA"]
[PlyCount "57"]
[EventDate "2018.??.??"]
[EventType "schev"]
[EventCountry "UKR"]
[SourceTitle "playchess.com"]
[Source "ChessBase"]
[SourceQuality "1"]
[TimeControl "5400+30"]

1. Nf3 f5 2. d3 Nf6 3. e4 d6 4. Nc3 e6 5. exf5 exf5 6. d4 Be7 7. Bc4 d5 8. Bb3 O-O 9. O-O c6 10. Ne2 Na6 11. h4 Nc7 12. g3 Bd6 13. Nf4 Ne6 14. Ne5 Qc7 15. c4 Nxd4 16. Qxd4 Bxe5 17. Qd1 d4 18. c5+ Kh8 19. Qf3 Bd7 20. h5 Be8 21. h6 g6 22. Ne6 Qe7 23. Re1 Ng4 24. Bg5 Bf6 25. Bf4 Rf7 26. Ng5 Ne5 27. Rxe5 Bxe5 28. Re1 Bf6 29. Nxf7+ 1-0

[Event "Lviv Tradition June 2018"]
[Site "Lviv"]
[Date "2018.06.13"]
[Round "4"]
[White "Shkuran, Danylo"]
[Black "Dedebas, Emre Emin"]
[Result "1-0"]
[ECO "A07"]
[WhiteElo "2368"]
[BlackElo "2336"]
[Annotator "NA"]
[PlyCount "123"]
[EventDate "2018.??.??"]
[EventType "schev"]
[EventCountry "UKR"]
[SourceTitle "playchess.com"]
[Source "ChessBase"]
[SourceQuality "1"]
[TimeControl "5400+30"]

1. Nf3 Nf6 2. g3 d5 3. Bg2 c6 4. O-O Bg4 5. d4 Nbd7 6. Nbd2 e6 7. Re1 Be7 8. e4 dxe4 9. Nxe4 O-O 10. Nxf6+ Bxf6 11. h3 Bxf3 12. Bxf3 Bg5 13. Bxg5 Qxg5 14. c3 a5 15. Qb3 Rab8 16. Rad1 Rfe8 17. c4 Qf6 18. Bg2 Rec8 19. Re2 Qd8 20. d5 Nc5 21. Qe3 Qd6 22. Rdd2 cxd5 23. cxd5 exd5 24. Bxd5 Qf8 25. Qf3 Rc7 26. Rd4 Rd8 27. Rf4 Rdd7 28. Re5 g6 29. Qe3 Rd8 30. Bxf7+ Rxf7 31. Rxf7 Qxf7 32. Rxc5 b6 33. Rc1 Qxa2 34. Qxb6 Qd5 35. Qa7 Rd7 36. Qb8+ Kg7 37. h4 Qh5 38. Rc8 Qd1+ 39. Kh2 Qd5 40. Rf8 Rf7 41. Rxf7+ Qxf7 42. Qe5+ Kg8 43. Kg1 Qa7 44. h5 gxh5 45. Qg5+ Kh8 46. Qxh5 Qd4 47. Qf7 Qc5 48. Kg2 Qc6+ 49. f3 h6 50. Kh3 Qb5 51. Qg6 Qxb2 52. Qxh6+ Kg8 53. Qg5+ Kf7 54. Qxa5 Qf2 55. Qd5+ Kf6 56. Kg4 Qc2 57. Qd4+ Kf7 58. Qf4+ Kg8 59. Qg5+ Kh8 60. Kh5 Qc3 61. f4 Qc6 62. Qh6+ 1-0

[Event "Lviv Tradition June 2018"]
[Site "Lviv"]
[Date "2018.06.14"]
[Round "6"]
[White "Frolov, Artur"]
[Black "Ozenir, Ekin Baris"]
[Result "0-1"]
[ECO "B00"]
[WhiteElo "2406"]
[BlackElo "2320"]
[Annotator "NA"]
[PlyCount "89"]
[EventDate "2018.??.??"]
[EventType "schev"]
[EventCountry "UKR"]
[SourceTitle "playchess.com"]
[Source "ChessBase"]
[SourceQuality "1"]
[TimeControl "5400+30"]

1. e4 Nc6 2. d4 d5 3. e5 Bf5 4. c3 f6 5. f4 Nh6 6. Be2 Qd7 7. Nf3 e6 8. b4 Be7 9. O-O Bg6 10. a4 O-O 11. Nbd2 fxe5 $16 12. b5 Nd8 13. Nxe5 Qe8 14. Nxg6 hxg6 15. Nf3 Bd6 16. g3 Nf5 17. Bd3 c5 18. bxc6 Nxc6 19. Qe2 Qd7 20. Ba3 Bxa3 21. Rxa3 a6 22. Ra2 Rae8 23. g4 Nfe7 24. Ng5 Rf6 25. Qg2 Nd8 26. Qh3 Nf7 27. Nh7 Qc7 28. Nxf6+ gxf6 29. Rc2 Kg7 30. Qe3 Qd6 31. Re2 Nd8 32. g5 f5 33. Qe5+ Qxe5 34. dxe5 Ndc6 35. Rb1 Na5 36. Reb2 Rc8 37. Rxb7 Nxb7 38. Rxb7 Kf7 39. Bxa6 Rxc3 40. Bb5 Ra3 41. h4 d4 42. h5 d3 43. hxg6+ Kxg6 44. Rxe7 d2 45. Be8# 0-1

[Event "Lviv Tradition June 2018"]
[Site "Lviv"]
[Date "2018.06.14"]
[Round "6"]
[White "Anwesh, Upadhyaya"]
[Black "Tanriverdi, Enes"]
[Result "1-0"]
[ECO "A00"]
[WhiteElo "2375"]
[BlackElo "2281"]
[Annotator "NA"]
[PlyCount "63"]
[EventDate "2018.??.??"]
[EventType "schev"]
[EventCountry "UKR"]
[SourceTitle "playchess.com"]
[Source "ChessBase"]
[SourceQuality "1"]
[TimeControl "5400+30"]

1. g3 Nf6 2. Bg2 g6 3. c4 Bg7 4. Nc3 O-O 5. e4 d6 6. Nge2 c5 7. O-O Nc6 8. d3 a6 9. a3 Rb8 10. Rb1 $11 b5 11. cxb5 axb5 12. b4 cxb4 13. axb4 e5 14. h3 Re8 15. Bg5 h6 16. Be3 Be6 17. f4 d5 18. fxe5 Nxe5 19. Bf4 Nh5 20. exd5 Nxf4 21. gxf4 Nxd3 22. Qxd3 Bf5 23. Ne4 Rc8 24. N2g3 Rc3 25. Qxb5 Bd4+ 26. Kh2 Rxe4 27. Nxe4 Bxe4 28. Bxe4 Qh4 29. Bg2 Qg3+ 30. Kh1 Rc2 31. Qe8+ Kg7 32. Qe4 1-0

[Event "Lviv Tradition June 2018"]
[Site "Lviv"]
[Date "2018.06.14"]
[Round "6"]
[White "Sabuk, Piotr"]
[Black "Dedebas, Emre Emin"]
[Result "1/2-1/2"]
[ECO "C84"]
[WhiteElo "2369"]
[BlackElo "2336"]
[Annotator "NA"]
[PlyCount "63"]
[EventDate "2018.??.??"]
[EventType "schev"]
[EventCountry "UKR"]
[SourceTitle "playchess.com"]
[Source "ChessBase"]
[SourceQuality "1"]
[TimeControl "5400+30"]

1. e4 e5 2. Nf3 Nc6 3. Bb5 a6 4. Ba4 Nf6 5. O-O Be7 6. d3 b5 7. Bb3 d6 8. a3 O-O 9. Nc3 Bb7 10. Re1 Qd7 11. Bd2 Rfe8 $11 12. Ng5 Nd8 13. f4 exf4 14. Nh3 d5 15. Nxd5 Nxd5 16. Bxd5 Bxd5 17. exd5 Bc5+ 18. Kh1 Rxe1+ 19. Bxe1 Qxd5 20. Nxf4 Qd4 21. Ne2 Qd7 22. Bc3 Ne6 23. Qd2 Re8 24. Re1 Bd6 25. Nd4 Nxd4 26. Bxd4 Rxe1+ 27. Qxe1 Qe7 28. Qxe7 Bxe7 29. Be5 c6 30. g4 f6 31. Bc3 Kf7 32. Kg2 1/2-1/2

[Event "Lviv Tradition June 2018"]
[Site "Lviv"]
[Date "2018.06.14"]
[Round "6"]
[White "Shkuran, Danylo"]
[Black "Can, Isik"]
[Result "1-0"]
[ECO "A06"]
[WhiteElo "2368"]
[BlackElo "2396"]
[Annotator "NA"]
[PlyCount "57"]
[EventDate "2018.??.??"]
[EventType "schev"]
[EventCountry "UKR"]
[SourceTitle "playchess.com"]
[Source "ChessBase"]
[SourceQuality "1"]
[TimeControl "5400+30"]

1. Nf3 d5 2. g3 Nf6 3. Bg2 Bf5 4. d3 c6 5. O-O e6 6. Nbd2 Be7 7. Qe1 h6 8. e4 Bh7 9. Qe2 O-O 10. b3 a5 11. a3 Na6 12. Bb2 Nc5 13. Ne5 Qb6 14. Rab1 Rfd8 15. Kh1 Qa6 16. Qe3 Nfd7 17. Nxd7 Rxd7 18. Bd4 b6 19. b4 Na4 20. exd5 exd5 21. Nf3 Bd6 22. Bxg7 Kxg7 23. Qd4+ Kf8 24. Qh8+ Bg8 25. Rfe1 Be7 26. Qxh6+ Ke8 27. Ne5 Rc7 28. Qg7 Bf8 29. Ng6+ 1-0

[Event "Lviv Tradition June 2018"]
[Site "Lviv"]
[Date "2018.06.15"]
[Round "7"]
[White "Can, Isik"]
[Black "Frolov, Artur"]
[Result "0-1"]
[ECO "C68"]
[WhiteElo "2396"]
[BlackElo "2406"]
[Annotator "NA"]
[PlyCount "53"]
[EventDate "2018.??.??"]
[EventType "schev"]
[EventCountry "UKR"]
[SourceTitle "playchess.com"]
[Source "ChessBase"]
[SourceQuality "1"]
[TimeControl "5400+30"]

1. e4 e5 2. Nf3 Nc6 3. Bb5 a6 4. Bxc6 dxc6 5. O-O f6 6. d4 exd4 7. Nxd4 Bd6 8. Qh5+ g6 9. Qf3 h5 10. Qc3 h4 11. Nxc6 bxc6 12. Qxc6+ Bd7 13. Qc3 Qe7 14. Nd2 Qe5 15. Qxe5+ Bxe5 16. Nc4 h3 17. g3 Bd4 18. Rd1 Ba7 19. Be3 Bxe3 20. Nxe3 Ne7 21. Rd3 O-O-O 22. Ra3 Bc6 23. Rxa6 Kb7 24. Ra3 Bxe4 25. Re1 Nc6 26. Ng4 f5 27. Rb3+ 0-1

[Event "Lviv Tradition June 2018"]
[Site "Lviv"]
[Date "2018.06.15"]
[Round "7"]
[White "Dedebas, Emre Emin"]
[Black "Anwesh, Upadhyaya"]
[Result "1/2-1/2"]
[ECO "D45"]
[WhiteElo "2336"]
[BlackElo "2375"]
[Annotator "NA"]
[PlyCount "75"]
[EventDate "2018.??.??"]
[EventType "schev"]
[EventCountry "UKR"]
[SourceTitle "playchess.com"]
[Source "ChessBase"]
[SourceQuality "1"]
[TimeControl "5400+30"]

1. d4 Nf6 2. c4 e6 3. Nf3 d5 4. Nc3 c6 5. e3 Nbd7 6. Qc2 Bd6 7. Bd3 dxc4 8. Bxc4 b5 9. Be2 O-O 10. O-O Bb7 11. e4 e5 12. dxe5 Nxe5 13. Nd4 Re8 14. Nf5 Bf8 15. Bg5 $14 {[%emt 0:07:35] LiveBook: 5 Games} b4 16. Na4 c5 17. f3 Rc8 18. b3 c4 19. bxc4 Bc6 20. Nb2 Qb6+ 21. Kh1 Nfd7 22. Rfd1 Nc5 23. Nd4 Ba8 24. Be3 Qg6 25. Bf1 a5 26. Nb3 Ne6 27. c5 Qh5 28. Qf2 f5 29. exf5 Qxf5 30. Nc4 a4 31. Nd4 Nxd4 32. Bxd4 Nxc4 33. Bxc4+ Kh8 34. Re1 Rxe1+ 35. Rxe1 Bd5 36. Re5 Qb1+ 37. Re1 Qf5 38. Re5 1/2-1/2

[Event "Lviv Tradition June 2018"]
[Site "Lviv"]
[Date "2018.06.15"]
[Round "7"]
[White "Akdogan, Alperen"]
[Black "Shkuran, Danylo"]
[Result "1/2-1/2"]
[ECO "D02"]
[WhiteElo "2260"]
[BlackElo "2368"]
[Annotator "NA"]
[PlyCount "61"]
[EventDate "2018.??.??"]
[EventType "schev"]
[EventCountry "UKR"]
[SourceTitle "playchess.com"]
[Source "ChessBase"]
[SourceQuality "1"]
[TimeControl "5400+30"]

1. d4 d5 2. Nf3 Nf6 3. c4 c6 4. Qc2 Bg4 5. Ne5 Be6 6. e3 Nbd7 7. cxd5 $11 cxd5 8. Nxd7 Bxd7 9. Nc3 Qb6 10. Bd3 Rc8 11. O-O e6 12. Bd2 Bd6 13. Rfc1 O-O 14. Qb3 Qxb3 15. axb3 Bb8 16. Na4 Rxc1+ 17. Rxc1 Rc8 18. Nc5 b6 19. Nxd7 Rxc1+ 20. Bxc1 Nxd7 21. Bd2 Bd6 22. f3 f5 23. Kf2 Kf7 24. h3 Nf6 25. g4 g6 26. Ke2 fxg4 27. hxg4 h5 28. gxh5 Nxh5 29. f4 Ng3+ 30. Kf3 Nf5 31. Kg4 1/2-1/2

[Event "Lviv Tradition June 2018"]
[Site "Lviv"]
[Date "2018.06.16"]
[Round "8"]
[White "Frolov, Artur"]
[Black "Akdogan, Alperen"]
[Result "1/2-1/2"]
[ECO "B04"]
[WhiteElo "2406"]
[BlackElo "2260"]
[Annotator "NA"]
[PlyCount "70"]
[EventDate "2018.??.??"]
[EventType "schev"]
[EventCountry "UKR"]
[SourceTitle "playchess.com"]
[Source "ChessBase"]
[SourceQuality "1"]
[TimeControl "5400+30"]

1. e4 Nf6 2. e5 Nd5 3. d4 d6 4. Nf3 dxe5 5. Nxe5 c6 6. c4 (6. Be2 $14) 6... Nb4 $1 {[%emt 0:00:19] LiveBook: 79 Games B04: Aljechin-Verteidigung (Moderne Variante)} 7. Nd3 (7. Be3 $11 Bf5 8. Nd3 e5 9. Nxb4 Bxb4+ 10. Nc3 Qa5 11. Qb3 Na6 12. Be2 exd4 13. Bxd4 O-O-O 14. Rd1 Rxd4 15. Rxd4 {0-1 (37) Nepomniachtchi,I (2714)-Ivanchuk,V (2704) Beijing 2014}) 7... Nxd3+ (7... e5 $5) 8. Qxd3 g6 9. Be3 Bf5 10. Qd2 Bg7 11. Nc3 O-O 12. Be2 Qa5 $146 ({Vorgänger:} 12... Na6 13. Bf3 Qc7 14. O-O {0-1 (34) Zychowicz,M (1857)-Gwozdzik,Z (1878) Szklarska Poreba 2017}) 13. O-O Rd8 14. Rfd1 Nd7 15. f3 Nb6 16. Ne4 Qxd2 17. Rxd2 e5 18. dxe5 Rxd2 19. Bxd2 Bxe4 20. fxe4 Bxe5 21. Rb1 Rd8 22. Ba5 Rd4 23. b3 Rxe4 24. Bf3 Bd4+ 25. Kf1 Re5 26. Bxb6 Bxb6 27. Re1 Be3 28. Rd1 Re7 29. b4 Kg7 30. a4 f5 31. a5 a6 32. b5 cxb5 33. cxb5 axb5 34. Rb1 g5 35. Rxb5 Kf6 $11 1/2-1/2

[Event "Lviv Tradition June 2018"]
[Site "Lviv"]
[Date "2018.06.16"]
[Round "8"]
[White "Anwesh, Upadhyaya"]
[Black "Ozenir, Ekin Baris"]
[Result "1/2-1/2"]
[ECO "E01"]
[WhiteElo "2375"]
[BlackElo "2320"]
[Annotator "NA"]
[PlyCount "103"]
[EventDate "2018.??.??"]
[EventType "schev"]
[EventCountry "UKR"]
[SourceTitle "playchess.com"]
[Source "ChessBase"]
[SourceQuality "1"]
[TimeControl "5400+30"]

1. d4 Nf6 2. c4 e6 3. g3 d5 4. Bg2 Bb4+ 5. Bd2 Be7 6. Nf3 O-O 7. O-O c6 8. Na3 {[%emt 0:00:52] E11: Bogo-Indian} b6 9. Rc1 {[%emt 0:02:26] LiveBook: 4 Games} Bb7 10. Qa4 $146 ({Predecessor:} 10. Ne5 Nfd7 11. Nd3 a5 12. cxd5 exd5 13. e4 dxe4 14. Bxe4 Nf6 15. Bg2 Bxa3 16. bxa3 {1-0 (58) Martirosyan,H (2544)-Sevian,S (2633) Saint Louis 2017}) 10... Nbd7 11. cxd5 exd5 12. Rfd1 Re8 13. e3 Ne4 14. Be1 Bd6 15. Nb1 Ndf6 16. Nc3 Qe7 17. Ne2 g5 18. Rc2 a5 19. Nc1 {[%emt 0:03:09] [#]} b5 $1 20. Qb3 a4 21. Qd3 {[%emt 0:00:08] [#]} b4 $1 22. Qf1 {[%emt 0:04:42] [#]} b3 $1 23. axb3 axb3 24. Nxb3 Ba6 25. Rd3 Bxd3 (25... g4 $142 26. Nfd2 Bb5) 26. Qxd3 Qb7 27. Bf1 Qb6 28. Nfd2 Reb8 29. f3 Nxd2 30. Nxd2 h6 31. Qf5 Kg7 32. Bf2 Ra5 33. Bd3 Qc7 34. f4 Qc8 $15 35. Qxc8 Rxc8 36. Nb3 Raa8 37. Be1 Rab8 38. Nc5 Bxc5 39. dxc5 Re8 40. fxg5 hxg5 41. Bc3 Rxe3 42. Bf5 Rxc3 43. bxc3 Rb5 44. c4 Rxc5 45. cxd5 Rxc2 46. Bxc2 Nxd5 47. h4 gxh4 48. gxh4 Ne7 49. Kf2 f5 50. Ke3 Kf6 51. Kd4 Ke6 52. h5 {[%emt 0:01:22] Ke5+ Kxe5} 1/2-1/2

[Event "Lviv Tradition June 2018"]
[Site "Lviv"]
[Date "2018.06.16"]
[Round "8"]
[White "Sabuk, Piotr"]
[Black "Can, Isik"]
[Result "1/2-1/2"]
[ECO "A05"]
[WhiteElo "2369"]
[BlackElo "2396"]
[Annotator "NA"]
[PlyCount "144"]
[EventDate "2018.??.??"]
[EventType "schev"]
[EventCountry "UKR"]
[SourceTitle "playchess.com"]
[Source "ChessBase"]
[SourceQuality "1"]
[TimeControl "5400+30"]

1. Nf3 Nf6 2. c4 b6 3. g3 Bb7 4. Bg2 e6 5. O-O Be7 6. Nc3 O-O 7. Re1 d5 8. cxd5 exd5 9. d4 Nbd7 10. Bf4 Ne4 11. Qb3 Ndf6 12. Rac1 {[%emt 0:12:06] LiveBook: 4 Games} c5 13. dxc5 Bxc5 14. e3 {[%emt 0:02:15] E17: Queen's Indian: 4 g3 Bb7 5 Bg2 Be7} Nxc3 $146 ({Predecessor:} 14... Qe7 15. h3 Rac8 16. a3 Rfe8 17. Nb5 a6 18. Nc3 b5 19. Be5 Nd7 20. Bd4 Nb6 21. Bxc5 Nxc5 {0-1 (45) Perez Candelario,M (2527)-Cori Tello,D (2409) Villafranca 2010}) 15. Rxc3 Qe7 16. Rcc1 Ne4 17. Be5 Rfd8 18. Red1 Rac8 19. h4 Qe6 20. Qa4 a5 21. Bd4 Bc6 22. Qb3 Qe8 23. Qd3 Bb5 24. Qb1 Be2 25. Re1 Bb5 26. Ng5 f5 27. Nf3 Rc6 28. Bh3 Qh5 29. Ne5 Re6 30. Qc2 Bd6 31. Nd3 Rg6 32. Nf4 Bxf4 33. exf4 Qxh4 34. Bg2 Qh5 35. Qd1 Qxd1 36. Rexd1 h5 37. Rc7 h4 38. Bh3 hxg3 39. fxg3 Rxg3+ 40. Kh2 Rf8 41. Rg1 Rxg1 42. Kxg1 Rf7 43. Bxb6 a4 44. Rxf7 Kxf7 45. Bxf5 Nd6 46. Bc2 Ne4 47. Bd4 g6 48. Kg2 Ke6 49. Kf3 g5 50. Kg4 Be2+ 51. Kh3 gxf4 52. Kg2 Bb5 53. Kf3 Kf5 54. Bb6 Be8 55. Kg2 Kg5 56. b3 axb3 57. Bxb3 Bc6 58. Bd4 Nd6 59. Kf2 Nf5 $11 60. Bb6 Ng3 61. Bd8+ Kf5 62. Bc2+ Ne4+ 63. Kg2 Bb5 64. Kf3 Be8 65. Bb6 Bh5+ 66. Kg2 Be2 67. a4 Kg4 68. a5 f3+ 69. Kg1 Nd6 70. Bc5 Nb7 71. Bb6 Bc4 72. Kf2 Nxa5 1/2-1/2

[Event "Lviv Tradition June 2018"]
[Site "Lviv"]
[Date "2018.06.16"]
[Round "9"]
[White "Dedebas, Emre Emin"]
[Black "Shkuran, Danylo"]
[Result "1/2-1/2"]
[ECO "D10"]
[WhiteElo "2336"]
[BlackElo "2368"]
[Annotator "NA"]
[PlyCount "62"]
[EventDate "2018.??.??"]
[EventType "schev"]
[EventCountry "UKR"]
[SourceTitle "playchess.com"]
[Source "ChessBase"]
[SourceQuality "1"]
[TimeControl "5400+30"]

1. d4 d5 2. c4 c6 3. cxd5 cxd5 4. Bf4 Nf6 5. Nc3 Nc6 6. e3 a6 7. Nf3 Bg4 8. h3 Bxf3 9. Qxf3 e6 10. Bd3 Bd6 11. Bxd6 Qxd6 12. O-O O-O 13. Rfc1 Rac8 14. Qd1 Na5 15. Ne2 Qd7 16. Rxc8 Rxc8 17. Rc1 Rxc1 18. Qxc1 Qc6 19. Qxc6 Nxc6 20. Kf1 Kf8 21. Ke1 Ke7 22. Kd2 Kd6 23. f3 g6 24. Kc3 a5 25. Bb5 b6 26. Bxc6 Kxc6 27. Nf4 Nd7 28. Nd3 Kb5 29. b3 Kc6 30. Kd2 Kd6 31. Kc3 Kc6 1/2-1/2

[Event "Lviv Tradition June 2018"]
[Site "Lviv"]
[Date "2018.06.16"]
[Round "9"]
[White "Tanriverdi, Enes"]
[Black "Frolov, Artur"]
[Result "0-1"]
[ECO "E15"]
[WhiteElo "2281"]
[BlackElo "2406"]
[Annotator "NA"]
[PlyCount "120"]
[EventDate "2018.??.??"]
[EventType "schev"]
[EventCountry "UKR"]
[SourceTitle "playchess.com"]
[Source "ChessBase"]
[SourceQuality "1"]
[TimeControl "5400+30"]

1. d4 Nf6 2. c4 e6 3. Nf3 b6 4. g3 Ba6 5. b3 Bb4+ 6. Bd2 Be7 7. Nc3 Bb7 8. Bg2 Ne4 9. O-O Nxd2 10. Qxd2 d6 11. e4 Nd7 12. d5 e5 13. Ne1 h5 14. Nd3 h4 15. Rae1 Nc5 16. Nb4 Qd7 17. f4 hxg3 18. hxg3 a5 19. Nc6 Bxc6 20. dxc6 Qxc6 21. Nb5 Na6 22. Qd5 Qc5+ 23. Qxc5 bxc5 24. fxe5 dxe5 25. Rf5 c6 26. Nc3 f6 27. Rd1 Nc7 28. Rf2 Ne6 29. Bf1 Nd4 30. Rd3 O-O-O 31. Rh2 Rxh2 32. Kxh2 Kc7 33. Kg2 g6 34. g4 Bf8 35. Na4 Rd7 36. Rd1 Rh7 37. Bd3 Ne6 38. Bf1 Bh6 39. Kf2 Bg5 40. Bg2 Nf4 41. Nxc5 Rh2 42. Kf3 Rxg2 43. Ne6+ Nxe6 44. Kxg2 Bf4 45. a3 Nc5 46. b4 axb4 47. axb4 Nxe4 48. Ra1 Bd2 49. b5 cxb5 50. cxb5 Kb6 51. Kf3 Nc5 52. Ra8 Kxb5 53. Rg8 g5 54. Rf8 Bc3 55. Ke3 Bd4+ 56. Ke2 e4 57. Rb8+ Kc4 58. Re8 Kd5 59. Re7 Ne6 60. Re8 Nf4+ 0-1